 Dungeon Crawl Stone Soup version 0.29-a0-231-g945431f764 (webtiles) character file.

Game seed: 13760959994643960682

16 ChaosInquisitor the Skirmisher (level 2, -4/24 HPs)
             Began as a Demonspawn Fighter on Mar 1, 2022.
             Slain by a gnoll
             ... wielding a +0 flail
              (8 damage)
             ... on level 1 of the Dungeon.
             The game lasted 00:02:15 (1067 turns).

ChaosInquisitor the Skirmisher (Demonspawn Fighter) Turns: 1067, Time: 00:02:16

Health: -4/24      AC:  6    Str: 16    XL:     2   Next: 41%
Magic:  2/2        EV:  8    Int:  9    God:
Gold:   36         SH:  4    Dex: 12    Spells: 1/1 levels left

rFire   . . .      SeeInvis .   a - +0 war axe
rCold   . . .      Faith    .   c - +0 buckler
rNeg    . . .      Spirit   .   b - +0 scale mail
rPois   .          Reflect  .   (no helmet)
rElec   .          Harm     .   (no cloak)
rCorr   .          Rampage  .   (no gloves)
Will    .....                   (no boots)
Stlth   ..........              (no amulet)
HPRegen 0.08/turn               (no ring)
MPRegen 0.08/turn               (no ring)

@: no status effects
A: powered by death 1
a: no special abilities


You were on level 1 of the Dungeon.
You visited 1 branch of the dungeon, and saw 2 of its levels.

You collected 36 gold pieces.


Innate Abilities, Weirdness & Mutations

You regenerate a little health from kills.


   Skills:
 - Level 3.0 Fighting
 + Level 2.8 Axes
 - Level 2.6 Armour
 - Level 2.6 Shields


You had one spell level left.
You didn't know any spells.
Your spell library was empty.

Inventory:

Hand Weapons
 a - a +0 war axe (weapon)
Missiles
 e - 41 stones (quivered)
Armour
 b - a +0 scale mail (worn)
 c - a +0 buckler (worn)
Magical Staves
 j - a staff of poison {!a}
   (You found it on level 2 of the Dungeon)
Scrolls
 g - a scroll of identify {unknown}
 i - a scroll of blinking {unknown}
 l - a scroll of fear {unknown}
Potions
 d - a potion of might
 f - a potion of cancellation {unknown}
 h - a potion of curing {unknown}
 k - a potion of brilliance {unknown}
 o - a potion of heal wounds {unknown}

Dungeon Overview and Level Annotations

Branches:
Dungeon (2/15)

Altars:

...........# #.#
########.########.#
#..........#
######.##.## #.##.#
#.##.# ##########
#.##.#
.........####.##g#
#########..##.##@#
.......###.##.##.#
......#.##....##.#
.....#..##.#.....#
....#...#..#.#####
#..#....####.##
.##.....#.....#
..#.....#.##..#
...#.#..#.##..#


You could see a gnoll.


Message History

No target in view!
No target in view!
No target in view!
No target in view!
Things that are here:
a +0 club; a goblin corpse; 😎 HP[+1]
Your hp is fully restored (24).
A quokka comes into view.
You drop a +0 ring mail.
The quokka bites you. 😕 HP[-1]
You take 1 damage, and now have 23/24 hp.
You miss the quokka. The quokka bites you. 😕 HP[-2]
You take 2 damage, and now have 21/24 hp.
You barely miss the quokka.
The quokka bites you but does no damage.
The quokka bites you. 😕 HP[-2]
You take 2 damage, and now have 19/24 hp.
You closely miss the quokka. The quokka barely misses you.
The quokka bites you. 😮 HP[-1]
You take 1 damage, and now have 18/24 hp.
You are too injured to fight recklessly!
You are too injured to fight recklessly!
You are too injured to fight recklessly!
You hit the quokka. You block the quokka's attack.
You completely miss the quokka. The quokka bites you.
The quokka bites you but does no damage. 😮 HP[-1]
You take 1 damage, and now have 17/24 hp.
You slash the quokka!
You kill the quokka!
You see here a quokka corpse.
Key pressed, stopping explore.
You see here a +0 ring mail.
Things that are here:
a +0 ring mail; a +0 leather armour; a +0 ring mail
There is a stone staircase leading down here.
Done exploring. 😎 HP[+7]
Your hp is fully restored (24).
Okay, then.
Done exploring.
Done exploring.
There is a stone staircase leading down here.
You climb downwards.
There is a stone staircase leading up here.
You see here a +1 short sword of holy wrath.
i - a scroll labelled COAKLI AMEL A frilled lizard comes into view.
The frilled lizard hisses angrily.
You hit the frilled lizard.
You kill the frilled lizard!
No target in view!
No target in view!
j - a staff of poison {!a} A giant cockroach comes into view.
Your library has no spells.
Unknown command.
The giant cockroach closely misses you.
You slash the giant cockroach!
You kill the giant cockroach!
No target in view!
No target in view! 2 gnolls come into view.
The gnoll shouts!
You hear an angry hiss.
A gnoll comes into view. It is wielding a +0 spear.
The gnoll moves out of view.
There is a stone staircase leading up here.
Throw: 43 stones
Press: ? - help, Q - select action Shift-Dir - straight line, f - gnoll
Aim: a gnoll, wielding a +0 flail (61% to hit)
You throw a stone.
The stone hits the gnoll but does no damage.
Throw: 42 stones
Press: ? - help, Q - select action Shift-Dir - straight line, f/p - gnoll
Aim: a gnoll, wielding a +0 flail (61% to hit)
You throw a stone.
The stone hits the gnoll but does no damage.
The gnoll hits you with a +0 flail.
You climb upwards.
There is a stone staircase leading down here. 😕 HP[-1]
You take 1 damage, and now have 23/24 hp.
You hit the gnoll.
The gnoll hits you with a +0 flail! 😮 HP[-8]
You take 8 damage, and now have 15/24 hp.
MASSIVE DAMAGE!! (PAUSE) Unknown command.
You hit the gnoll but do no damage. You block the gnoll's attack.
The gnoll barely misses you.
You hit the gnoll.
The gnoll hits you with a +0 flail. 😮 HP[-1]
You take 1 damage, and now have 14/24 hp.
You barely miss the gnoll. You block the gnoll's attack.
You closely miss the gnoll. The gnoll hits you with a +0 flail!
* * * LOW HITPOINT WARNING * * *
The gnoll hits you with a +0 flail!
You die...

Skill      XL: |  1 |
---------------+----+-----
Axes           | 2 |  2.8
Fighting       | |  3.0
Armour         | |  2.6
Shields        | |  2.6

Action                   || total
-------------------------++-------
Melee: War axe           ||    49
Throw: Stone             ||     2
Armor: Scale mail        ||    14
Dodge: Dodged            ||    21
Block: Buckler           ||    10

Levels and vault maps discovered:
D:1:      matt_arrival_diagonals, layout_loops_ring, basic_ecumenical_altar
D:2:      layout_loops_cross, basic_altar, uniq_natasha

Notes
Turn   | Place    | Note
-------+----------+-------------------------------------------
     0 | D:1      | ChaosInquisitor the Demonspawn Fighter began the quest for
                  | the Orb.
     0 | D:1      | Reached XP level 1. HP: 18/18 MP: 1/1
     0 | D:1      | magus.rc [v1.11.3]
    43 | D:1      | Reached skill level 2 in Axes
    85 | D:1      | Found a faded altar of an unknown god.
   434 | D:1      | Gained mutation: You regenerate a little health from kills.
                  | [demonic ancestry]
   434 | D:1      | Reached XP level 2. HP: 19/24 MP: 2/2
  1067 | D:1      | HP: 4/24 [gnoll/+0 flail (10)]
  1067 | D:1      | Slain by a gnoll

Vanquished Creatures
  An endoplasm (D:1)
  A giant cockroach (D:2)
  2 goblins (D:1)
  2 hobgoblins (D:1)
  2 quokkas (D:1)
  3 ball pythons (D:1)
  2 frilled lizards
  2 rats (D:1)
15 creatures vanquished.

Table legend:
 A = Non-vault XP
 B = Vault XP
 C = Vault XP percentage of total XP
 D = Non-vault monster count
 E = Vault monster count
 F = Vault count percentage of total count
                 A         B        C        D         E       F
            +---------+---------+-------+---------+---------+-------
      Total |      24 |       0 |   0.0 |      15 |       0 |   0.0
            +---------+---------+-------+---------+---------+-------
        D:1 |      21 |       0 |   0.0 |      13 |       0 |   0.0
        D:2 |       3 |       0 |   0.0 |       2 |       0 |   0.0
            +---------+---------+-------+---------+---------+-------

Illustrated notes

Table legend:
 A = Kills in this place as a percentage of kills in entire the game.
 B = Kills by you in this place as a percentage of kills by you in the entire game.
 C = Kills by friends in this place as a percentage of kills by friends in the entire game.
 D = Other kills in this place as a percentage of other kills in the entire game.
 E = Experience gained in this place as a percentage of experience gained in the entire game.
 F = Experience gained in this place divided by the number of levels of this place that you have seen.
                   A       B       C       D       E      F
               +-------+-------+-------+-------+-------+----------------------
         Total | 100.0 | 100.0 |   N/A |   N/A | 100.0 |  12.0
       Dungeon | 100.0 | 100.0 |   N/A |   N/A | 100.0 |  12.0
               +-------+-------+-------+-------+-------+----------------------

Table legend: (Time is in decaauts)
 A = Elapsed time spent in this place.
 B = Non-inter-level travel time spent in this place.
 C = Inter-level travel time spent in this place.
 D = Time resting spent in this place.
 E = Time spent auto-exploring this place.
 F = Levels seen in this place.
 G = Mean time per level.
                   A        B        C        D        E       F      G
               +--------+--------+--------+--------+--------+-----+--------+
         Total |   1087 |   1081 |      6 |      0 |    923 |   2 |  543.5 |
       Dungeon |   1087 |   1081 |      6 |      0 |    923 |   2 |  543.5 |
               +--------+--------+--------+--------+--------+-----+--------+

Top non-repeatable levels by time:
     D:1: 1007 daAuts
     D:2: 80 daAuts
